 Dungeon Crawl Stone Soup version 0.20.0-15-g7f486f2 (webtiles) character file.

197 Monsterracer the Cudgeler (level 5, -2/45 HPs)
             Began as a Draconian Wanderer on June 29, 2017.
             Slain by Grinder (8 damage)
             ... while paralysed by Grinder
             ... on level 4 of the Dungeon.
             The game lasted 00:07:30 (2997 turns).

Monsterracer the Cudgeler (Draconian Wanderer)      Turns: 2997, Time: 00:07:30

Health: -2/45      AC:  6    Str: 17    XL:     5   Next: 46%
Magic:  6/6        EV:  2    Int: 13    God:
Gold:   200        SH:  0    Dex:  8    Spells: 5/6 levels left

rFire    + . .     SeeInvis .   a - +2 mace
rCold    . . .     Gourm    .   (no shield)
rNeg     + . .     Faith    .   (armour unavailable)
rPois    .         Spirit   .   (helmet restricted)
rElec    .         Reflect  .   (no cloak)
rCorr    .         Harm     .   h - +0 pair of gloves
MR       .....                  (no boots)
Stlth    +.........             (no amulet)
Regen    0.2/turn               e - ring of positive energy
MPRegen  0.1/turn               k - ring of protection from fire

@: paralysed
A: unfitting armour, cold-blooded, AC +5
a: no special abilities


You were on level 4 of the Dungeon.
You were hungry.

You visited 1 branch of the dungeon, and saw 4 of its levels.

You collected 200 gold pieces.

Inventory:

Hand Weapons
 a - a +2 mace (weapon)
Armour
 h - a +0 pair of gloves (worn)
Jewellery
 e - a ring of positive energy (left hand)
 k - a ring of protection from fire (right hand)
Scrolls
 c - a scroll of teleportation
 f - 2 scrolls of remove curse
 i - 2 scrolls of fog
 m - a scroll of blinking
Potions
 b - 3 potions of curing
 l - a potion of heal wounds
Comestibles
 d - 3 bread rations
 g - 2 meat rations


   Skills:
 + Level 3.5 Fighting
 * Level 5.4 Maces & Flails
 + Level 1.0 Dodging
   Level 1.0 Shields
 - Level 1.0 Spellcasting
 - Level 2.0 Poison Magic
   Level 1.0 Evocations


You had 5 spell levels left.
You knew the following spells:

 Your Spells              Type           Power        Failure   Level  Hunger
a - Sting                 Conj/Pois      #...         19%         1    ##.....


Dungeon Overview and Level Annotations

Branches:
Dungeon (4/15)
 Temple: D:4-7

Altars:

Annotations:
D:4 Grinder


Innate Abilities, Weirdness & Mutations

Your plain brown scales are hard. (AC +5)
You cannot fit into any form of body armour.
You are cold-blooded and may be slowed by cold attacks.


Message History

You barely miss Grinder.
Your tail-slap misses Grinder.
Grinder is moderately wounded.
Grinder hits you.
* * * LOW HITPOINT WARNING * * *
Damage: -11%(-5hp) hp: 45%(20hp)
You closely miss Grinder.
Grinder is moderately wounded.
Grinder hits you but does no damage.
You thump Grinder!
Your tail-slap misses Grinder.
Grinder is heavily wounded.
Grinder gestures at you.
You suddenly lose the ability to move!
Grinder hits you.
* * * LOW HITPOINT WARNING * * *
You writhe in agony.
* * * LOW HITPOINT WARNING * * *
Grinder hits you.
* * * LOW HITPOINT WARNING * * *
Grinder hits you!
You die...

#.......##.##########
#......<##.########
#......÷##.........
#.....÷.###########
#.......#
#.......#######. ......
####............ ......
#....5.(..... ......
#...@........ ......
#....[....... ......
#............
......#####(...........
#.................
#.####...........# #.#
########.... #.# .###
#.# #


You could see Grinder.

Vanquished Creatures
  Jessica (D:2)
  A worker ant (D:4)
  A hound skeleton (D:4)
  Robin (D:2)
  4 adders
  An ooze (D:1)
  2 worms (D:2)
  2 dart slugs
  A leopard gecko (D:1)
  An orc (D:3)
  7 bats
  2 giant cockroaches (D:1)
  14 goblins
  9 hobgoblins
  2 jackals (D:2)
  9 kobolds
  A quokka (D:2)
  3 ball pythons
  5 frilled lizards
  4 rats
71 creatures vanquished.

Notes
Turn   | Place    | Note
-------+----------+-------------------------------------------
     0 | D:1      | Monsterracer the Draconian Wanderer began the quest for the Orb.
     0 | D:1      | Monsterracer set off with: a +2 mace, a potion of curing, the Reference Book on Venom, a bread ration
     0 | D:1      | Reached XP level 1. HP: 19/19 MP: 2/2
     2 | D:1      | Learned a level 1 spell: Sting
    90 | D:1      | Reached XP level 2. HP: 21/26 MP: 3/3
   180 | D:1      | Reached skill level 3 in Maces & Flails
   488 | D:1      | Reached XP level 3. HP: 31/31 MP: 4/4
   842 | D:2      | Noticed Robin
   842 | D:2      | Noticed Jessica
   872 | D:1      | Reached skill level 4 in Maces & Flails
  1132 | D:2      | Killed Jessica
  1132 | D:2      | Reached XP level 4. HP: 35/38 MP: 5/5
  1830 | D:2      | Killed Robin
  2328 | D:3      | Reached skill level 5 in Maces & Flails
  2401 | D:3      | Reached XP level 5. HP: 42/45 MP: 6/6
  2469 | D:1      | Identified the Reference Book on Venom
  2471 | D:1      | Learned a level 1 spell: Sting
  2611 | D:4      | Noticed Grinder
  2619 | D:4      | Paralysed by Grinder for 4 turns
  2914 | D:4      | Reached skill level 1 in Dodging
  2994 | D:4      | Paralysed by Grinder for 5 turns
  2997 | D:4      | Slain by Grinder

Skill      XL: |  1  2  3  4  5 |
---------------+----------------+-----
Maces & Flails | 3 4 5 |  5.4
Dodging        | 1 |  1.0
Fighting       | |  3.5
Shields        | |  1.0
Spellcasting   | |  1.0
Poison Magic   | |  2.0
Evocations     | |  1.0

Action                   |  1- 3 |  4- 6 || total
-------------------------+-------+-------++-------
Melee: Mace              |    89 |   124 ||   213
       Tailslap          |     9 |     9 ||    18
 Cast: Sting             |     4 |       ||     4
  Use: Potion            |     1 |     2 ||     3
       Scroll            |       |     8 ||     8
  Eat: Chunk             |       |     6 ||     6
Armor: Skin              |    41 |    54 ||    95
Dodge: Dodged            |    70 |   101 ||   171
